 Dungeon Crawl Stone Soup version 0.19.0-24-gb05acd6 (webtiles) character file.

29 Gargoyl the Skirmisher (level 3, 24/29 HPs)
             Began as a Demonspawn Abyssal Knight on Nov 21, 2016.
             Was a Follower of Lugonu.
             Quit the game on level 2 of the Dungeon on Nov 22, 2016.
             The game lasted 00:04:09 (1416 turns).

Gargoyl the Skirmisher (Demonspawn Abyssal Knight)  Turns: 1416, Time: 00:04:10

Health: 24/29      AC:  8    Str: 13    XL:     3   Next: 1%
Magic:  5/5        EV:  6    Int: 13    God:    Lugonu [*.....]
Gold:   224        SH:  0    Dex: 12    Spells: 0 memorised, 2 levels left

rFire  . . .     SeeInvis .     a - +1 hand axe
rCold  . . .     Gourm    .     h - +0 chain mail
rNeg   . . .     Faith    .     (no shield)
rPois  .         Spirit   .     (helmet restricted)
rElec  .         Reflect  .     (no cloak)
rCorr  .         Harm     .     (no gloves)
MR     .....                    (no boots)
Stlth  ..........               (no amulet)
                                (no ring)
                                (no ring)

@: mildly poisoned (24 -> 17)
A: antennae 1, claws 1
a: Depart the Abyss, Renounce Religion


You were on level 2 of the Dungeon.
You worshipped Lugonu.
Lugonu was aware of your devotion.
You were near starving.

You visited 1 branch of the dungeon, and saw 2 of its levels.
You visited the Abyss 1 time.

You collected 224 gold pieces.

Inventory:

Hand Weapons
 a - a +1 hand axe (weapon)
 g - a cursed -1 spear
Missiles
 l - 4 tomahawks (quivered)
Armour
 b - a +0 leather armour
 h - a +0 chain mail (worn)
Jewellery
 r - a +1 ring of protection
Wands
 i - a wand of iceblast (8/15)
Scrolls
 j - a scroll of enchant armour {unknown}
 n - a scroll of teleportation
 o - a scroll of magic mapping {unknown}
 p - a scroll of fog {unknown}
 s - a scroll of remove curse {unknown}
Potions
 d - 5 potions of might {unknown}
 e - a potion of agility {unknown}
 k - a potion of curing {unknown}
 m - 2 potions of lignification {unknown}
 q - a potion of heal wounds {unknown}
 t - a potion of berserk rage {unknown}
Comestibles
 c - 2 bread rations
 f - 2 beef jerkies


   Skills:
 + Level 3.3 Fighting
 + Level 2.0 Axes
 * Level 2.3 Armour
 + Level 0.8 Dodging
 * Level 3.0 Invocations


You had 2 spell levels left.
You didn't know any spells.

Dungeon Overview and Level Annotations

Branches:
Dungeon (2/15)

Altars:


Innate Abilities, Weirdness & Mutations

You have a pair of small antennae on your head.
You have sharp fingernails.


Message History

The kobold shouts!
The goblin hits you with a club.
You hit the goblin.
You kill the goblin!
Lugonu accepts your kill.
You have reached level 3!
Your experience leads to an increase in your attributes!
Increase (S)trength, (I)ntelligence, or (D)exterity?
You feel stronger.
Your demonic ancestry asserts itself...
Your fingernails lengthen.
You miss the adder. The adder bites you but does no damage.
You miss the adder. The adder barely misses you.
The adder bites you but does no damage.
You closely miss the adder. The adder bites you.
You closely miss the adder. The adder barely misses you. The adder bites you.
You miss the adder.
The adder bites you but does no damage. x2
You closely miss the adder. The adder bites you.
You are poisoned.
The adder poisons you!
Are you sure you want to abandon this character and quit the game? (Confirm with "yes".)

#.# ... . ..# #.#####. ...
....... ## ##.## #....# .. ...
#....# .. ... #....# ##
#######.######....#
...........@SK....# ##
#######.######.############# ..
............................
.###########.######.#############
.#................#.##...........
.#.#########..###.#.##...........
##.##########.## #.##...........
#.#...........# #.##...........
#.#.........#.##.#.##.....[.....


You could see an adder and a kobold.

Vanquished Creatures
  2 leopard geckos
  A ball python (D:1)
  2 giant cockroaches (D:1)
  6 goblins
  3 hobgoblins (D:1)
  4 bats (D:1)
  2 frilled lizards
  3 kobolds
  A rat (D:1)
24 creatures vanquished.

Notes
Turn   | Place    | Note
-------+----------+-------------------------------------------
     0 | Abyss:1  | Gargoyl the Demonspawn Abyssal Knight began the quest for the Orb.
     0 | Abyss:1  | Reached XP level 1. HP: 18/18 MP: 2/2
    66 | Abyss:2  | Noticed a wraith
   130 | Abyss:5  | Entered Level 5 of the Abyss
   145 | Abyss:5  | Noticed a starcursed mass
   148 | Abyss:5  | Noticed a crimson imp
   149 | Abyss:5  | Noticed a crimson imp
   151 | D:1      | Escaped the Abyss
   334 | D:1      | Gained mutation: You have a pair of small antennae on your head. [demonic ancestry]
   334 | D:1      | Reached XP level 2. HP: 24/24 MP: 4/4
   334 | D:1      | Reached * piety under Lugonu
  1115 | D:2      | Found a faded altar of an unknown god.
  1409 | D:2      | Gained mutation: You have sharp fingernails. [demonic ancestry]
  1409 | D:2      | Reached XP level 3. HP: 27/29 MP: 5/5
  1416 | D:2      | Quit the game

Skill      XL: |  1  2 |
---------------+-------+-----
Armour         | 2 |  2.3
Axes           | 2 |  2.0
Invocations    | 3 |  3.0
Fighting       | |  3.3
Dodging        | |  0.8

Action                   || total
-------------------------++-------
Melee: Hand axe          ||   105
Throw: Tomahawk          ||     1
Invok: Depart the Abyss  ||     1
  Use: Scroll            ||     5
Armor: Chain mail        ||    91
Dodge: Dodged            ||    38
